 Dungeon Crawl Stone Soup version 0.31-a0-542-gdc2a67831c (webtiles) character file.

Game seed: 7975690820839168050

69 Newt the Trooper (level 4, -8/37 (38) HPs)
             Began as a Demonspawn Fighter on Aug 14, 2023.
             Mangled by Crazy Yiuf
             ... wielding a +3 quarterstaff of chaos
              (17 damage)
             ... on level 2 of the Dungeon.
             The game lasted 00:01:24 (1541 turns).

Newt the Trooper (Demonspawn Fighter)               Turns: 1541, Time: 00:01:26

HP:   -8/37 (38)    AC:  7    Str: 18    XL:     4   Next: 2%
MP:   4/4           EV:  9    Int:  9    God:
Gold: 164           SH:  9    Dex: 13    Spells: 3/3 levels left

rFire   . . .        f - +0 hand axe (heavy)
rCold   . . .        c - +0 buckler
rNeg    . . .        b - +0 scale mail
rPois   .            (helmet restricted)
rElec   .            (no cloak)
rCorr   .            j - +0 pair of gloves
SInv    .            (no boots)
Will    .....        l - amulet of reflection Stlth
                     (no ring)
HPRegen 0.26/turn    (no ring)
MPRegen 0.09/turn

%: reflection
@: mighty, lightly drained
A: antennae 1, hooves 1, demonic touch 1
a: no special abilities


You were on level 2 of the Dungeon.
You visited 1 branch of the dungeon, and saw 2 of its levels.

You collected 164 gold pieces.

Inventory:

Hand Weapons
 a - a +0 rapier
 f - a +0 heavy hand axe (weapon)
Missiles
 h - 6 poisoned darts
Armour
 b - a +0 scale mail (worn)
 c - a +0 buckler (worn)
 j - a +0 pair of gloves (worn)
Jewellery
 e - an amulet of the acrobat
 l - an amulet of reflection (around neck)
 q - a ring of willpower
Scrolls
 i - a scroll of identify
 o - a scroll of fear {unknown}
Potions
 g - a potion of attraction
 k - a potion of ambrosia
 m - a potion of haste {unknown}
 n - a potion of brilliance {unknown}
 p - a potion of enlightenment {unknown}


   Skills:
 + Level 4.9 Fighting
 - Level 1.7 Short Blades
 - Level 2.6 Armour
 - Level 2.6 Shields


You had 3 spell levels left.
You didn't know any spells.
Your spell library contained the following spells:

 Spells                   Type           Power      Damage    Failure   Level
 Sublimation of Blood     Necr           0%         N/A       94%         2
 Wereblood                Tmut           0%         N/A       94%         2
 Inner Flame              Hex/Fire       0%         N/A       99%         3
 Flame Wave               Conj/Fire      0%         2d4       100%        4
 Sticky Flame             Conj/Fire      0%         2d3       100%        4
 Summon Hydra             Summ           0%         N/A       100%        7


Dungeon Overview and Level Annotations

Branches:
Dungeon (2/15)

Altars:

Annotations:
D:2 Crazy Yiuf


Innate Abilities, Weirdness & Mutations

You have a pair of small antennae on your head.
You have large cloven feet.
Your touch may inflict minor irresistible damage on your foes.


Message History

No target in view!
No target in view!
No target in view!
No target in view!
No target in view!
Found a stone staircase leading up.
There is a stone staircase leading up here.
Found a stone staircase leading down.
No target in view!
You enter the shallow water.
Moving in this stuff is going to be slow.
You enter the shallow water.
Moving in this stuff is going to be slow.
There is a stone staircase leading down here.
Crazy Yiuf shouts!
Crazy Yiuf screams, "Tonal green hand!"
Could not explore, unopened runed door.
Could not explore, unopened runed door.
No reachable target in view!
You open the door. You slash Crazy Yiuf!
Crazy Yiuf is moderately wounded.
Crazy Yiuf hits you with a +3 quarterstaff of chaos.
You feel drained.
Crazy Yiuf says, "Pitchfork!"
Crazy Yiuf hits you with a +3 quarterstaff of chaos.
Crazy Yiuf burns you.
You feel very mighty all of a sudden.
Crazy Yiuf hits you with a +3 quarterstaff of chaos!
Crazy Yiuf draws strength from your wounds!
You barely miss Crazy Yiuf. Your kick misses Crazy Yiuf.
Crazy Yiuf is lightly wounded.
Crazy Yiuf closely misses you. You block Crazy Yiuf's attack.
You hit Crazy Yiuf. You kick Crazy Yiuf.
Crazy Yiuf is severely wounded.
Crazy Yiuf hits you but does no damage.
Crazy Yiuf hits you with a +3 quarterstaff of chaos!
* * * LOW HITPOINT WARNING * * *
You convulse!
You die...

#.........#.
##.......##. ##.....###.
##### ##.#### ## #..)#
#.# #...# #.# ... #.#
#g# #.# ♣♣@♣ ##.# ♣.♣♣
#..# ♣♣.♣ #.## ♣.♣♣ #.#
♣♣.♣♣ #.####### ♣.PP♣♣
#.#.....## ♣.P..♣
#......|.# ### #....#
#.........
#.###....######.........


You could see Crazy Yiuf.

Vanquished Creatures
  2 adders (D:2)
  3 worms (D:2)
  A dart slug (D:1)
  6 endoplasms
  2 goblins (D:1)
  5 hobgoblins
  3 jackals (D:1)
  A kobold (D:2)
  A quokka (D:1)
  2 ball pythons
  2 bats (D:2)
  3 frilled lizards
  10 rats
41 creatures vanquished.

Notes
Turn   | Place    | Note
-------+----------+-------------------------------------------
     0 | D:1      | Newt the Demonspawn Fighter began the quest for the Orb.
     0 | D:1      | Reached XP level 1. HP: 18/18 MP: 1/1
    93 | D:1      | Discovered your monstrous ancestry.
    93 | D:1      | Gained mutation: You have a pair of small antennae on your
                  | head. [demonic ancestry]
    93 | D:1      | Reached XP level 2. HP: 7/24 MP: 2/2
   323 | D:1      | You fall into a shaft and drop 1 floor!
   447 | D:1      | Reached skill level 4 in Fighting
   851 | D:2      | Gained mutation: You have large cloven feet. [demonic
                  | ancestry]
   851 | D:2      | Reached XP level 3. HP: 30/30 MP: 3/3
  1107 | D:2      | Found a runed translucent door.
  1108 | D:2      | Noticed Crazy Yiuf
  1280 | D:2      | Gained mutation: Your touch may inflict minor irresistible
                  | damage on your foes. [demonic ancestry]
  1280 | D:2      | Reached XP level 4. HP: 38/38 MP: 4/4
  1541 | D:2      | Mangled by Crazy Yiuf

Illustrated notes

Levels and vault maps discovered:
D:1:      reono_arrival_forest_river, layout_rooms, grunt_decor_arrowhead
D:2:      layout_rooms, minmay_crystal_water, uniq_crazy_yiuf_cottage

Skill      XL: |  1  2 |
---------------+-------+-----
Fighting       | 4 |  4.9
Short Blades   | |  1.7
Armour         | |  2.6
Shields        | |  2.6

Action                     |  1- 3 |  4- 6 || total
---------------------------+-------+-------++-------
  Melee: Rapier            |    11 |       ||    11
         Hand axe          |   105 |     3 ||   108
         Kick              |     8 |     1 ||     9
    Use: Scroll            |     4 |       ||     4
         Potion            |       |     1 ||     1
 Armour: Scale mail        |    71 |     1 ||    72
  Dodge: Dodged            |    43 |     1 ||    44
  Block: Buckler           |    61 |     1 ||    62

Table legend: (Time is in decaauts)
 A = Elapsed time spent in this place.
 B = Non-inter-level travel time spent in this place.
 C = Inter-level travel time spent in this place.
 D = Time resting spent in this place.
 E = Time spent auto-exploring this place.
 F = Levels seen in this place.
 G = Mean time per level.
                   A        B        C        D        E       F      G
               +--------+--------+--------+--------+--------+-----+--------+
         Total |   1657 |   1606 |     51 |    237 |   1017 |   2 |  828.5 |
       Dungeon |   1657 |   1606 |     51 |    237 |   1017 |   2 |  828.5 |
               +--------+--------+--------+--------+--------+-----+--------+

Top non-repeatable levels by time:
     D:2: 849 daAuts
     D:1: 808 daAuts
